 Dungeon Crawl Stone Soup version 0.29.1-debian-4-g95531337e3 (webtiles) character file.

Game seed: 7574157935740302284

116193 Pierdu the Unseen (level 16, -1/82 HPs)
             Began as a Spriggan Enchanter on Sept 13, 2022.
             Was the Champion of Dithmenos.
             Killed by divine providence
             ... invoked by an orc priest
              (15 damage)
             ... on level 2 of the Orcish Mines.
             The game lasted 00:57:35 (28271 turns).

Pierdu the Unseen (Spriggan Enchanter)             Turns: 28271, Time: 00:57:36

Health: -1/82      AC: 11    Str: 10    XL:     16   Next: 20%
Magic:  25/32      EV: 30    Int: 18    God:    Dithmenos [******]
Gold:   1711       SH:  0    Dex: 22    Spells: 20/45 levels left

rFire   . . .      SeeInvis +   o - +6 dagger (protect)
rCold   . . .      Faith    .   (no shield)
rNeg    . . .      Spirit   .   b - +2 robe
rPois   +          Reflect  .   (helmet restricted)
rElec   +          Harm     .   s - +2 cloak
rCorr   .          Rampage  .   (gloves unavailable)
Will    +++++                   (boots unavailable) Stlth ****++++++
                                E - amulet of the acrobat
HPRegen 0.23/turn               G - +4 ring of protection
MPRegen 0.23/turn               u - ring of Ymek {rElec rPois Will++ Dex+6}

@: wreathed by umbra, very quick
A: very small, no large weapons, unfitting armour, see invisible, speed 3, low
MP 1, strong-willed 1, screaming 1
a: Renounce Religion, Shadow Step, Shadow Form


You were on level 2 of the Orcish Mines.
You worshipped Dithmenos.
Dithmenos was exalted by your worship.
You visited 4 branches of the dungeon, and saw 22 of its levels.
You also visited: Sewer and Ice Cave.

You collected 1868 gold pieces.
You spent 157 gold pieces at shops.

Inventory:

Hand Weapons
 o - a +6 dagger of protection (weapon)
 y - a +2 dagger of venom
Missiles
 z - 2 curare-tipped darts
 C - a throwing net (quivered)
Armour
 b - a +2 robe (worn)
 q - a scarf of resistance
 s - a +2 cloak (worn)
Jewellery
 e - a +6 ring of strength
 u - the ring of Ymek (right hand) {rElec rPois Will++ Dex+6}
   (You found it on level 7 of the Dungeon)

   [ring of dexterity]

   Dex:       It affects your dexterity (+6).
   rElec:     It insulates you from electricity.
   rPois:     It protects you from poison.
   Will:      It greatly increases your willpower.
 E - an amulet of the acrobat (around neck)
 F - a ring of flight
 G - a +4 ring of protection (left hand)
 H - a +6 ring of dexterity
 M - a ring of poison resistance
Wands
 j - a wand of acid (1)
 v - a wand of flame (17)
 x - a wand of paralysis (3)
 A - a wand of digging (2)
 B - a wand of polymorph (5)
 D - a wand of roots (3)
Scrolls
 a - a scroll of enchant armour
 c - 2 scrolls of butterflies
 g - 2 scrolls of vulnerability
 n - 11 scrolls of teleportation
 p - 4 scrolls of blinking
 t - 10 scrolls of identify
 w - a scroll of amnesia
 N - a scroll of summoning
Potions
 d - 5 potions of lignification
 f - 6 potions of flight
 h - 2 potions of cancellation
 i - 2 potions of might
 k - 4 potions of curing
 l - 5 potions of heal wounds
 m - 2 potions of resistance
 r - 9 potions of brilliance
Miscellaneous
 L - a condenser vane (inert)


   Skills:
 + Level 8.7 Fighting
 + Level 11.6 Short Blades
 + Level 13.9 Dodging
 + Level 18.3 Stealth
 + Level 15.1 Spellcasting
 + Level 16.4 Hexes


You had 20 spell levels left.
You knew the following spells:

 Your Spells              Type           Power      Damage    Failure   Level
a - Ensorcelled Hibernat  Hex/Ice        86%        N/A       1%          2
b - Tukima's Dance        Hex            64%        N/A       0%          3
c - Dazzling Flash        Conj/Hex       86%        N/A       1%          3
d - Confusing Touch       Hex            64%        N/A       0%          3
e - Enfeeble              Hex            32%        N/A       4%          7
f - Blink                 Tloc           26%        N/A       7%          2
g - Summon Mana Viper     Hex/Summ       43%        N/A       4%          5

Your spell library contained the following spells:

 Spells                   Type           Power      Damage    Failure   Level
 Inner Flame              Hex/Fire       43%        N/A       1%          3
 Portal Projectile        Hex/Tloc       86%        N/A       1%          3
 Anguish                  Hex/Necr       21%        N/A       1%          4
 Leda's Liquefaction      Hex/Erth       21%        N/A       1%          4
 Foxfire                  Conj/Fire      52%        2x1d6     4%          1
 Scorch                   Fire           26%        2d6       7%          2
 Static Discharge         Conj/Air       26%        3-5/arc   7%          2
 Call Canine Familiar     Summ           13%        N/A       14%         3
 Gell's Gravitas          Tloc           13%        N/A       14%         3
 Ignite Poison            Fire/Tmut/Pois 13%        N/A       14%         3
 Kindle Blastsparks       Fire/Tloc/Air  26%        2d12      14%         3
 Lesser Beckoning         Tloc           13%        N/A       14%         3
 Mephitic Cloud           Conj/Pois/Air  13%        N/A       14%         3
 Airstrike                Air            6%         2d(1-17)  43%         4
 Dispel Undead            Necr           13%        3d9       43%         4
 Flame Wave               Conj/Fire      13%        2d6       43%         4
 Manifold Assault         Tloc           13%        N/A       43%         4
 Sticky Flame             Conj/Fire      13%        2d4       43%         4
 Summon Ice Beast         Ice/Summ       13%        N/A       43%         4
 Summon Lightning Spire   Summ/Air       13%        N/A       43%         4
 Freezing Cloud           Conj/Ice/Air   6%         6-21      78%         5
 Lightning Bolt           Conj/Air       6%         1d18      78%         5
 Summon Forest            Summ/Tloc      6%         N/A       78%         5
 Summon Cactus Giant      Summ           6%         N/A       100%        6
 Monstrous Menagerie      Summ           6%         N/A       100%        7
 Necromutation            Tmut/Necr      6%         N/A       100%        8


Dungeon Overview and Level Annotations

Branches:
Dungeon (14/15)            Temple (1/1) D:4            Lair (5/5) D:8
 Shoals (0/4) Lair:3        Snake (0/4) Lair:3        Slime (0/5) Lair:4
    Orc (2/2) D:9             Elf (0/3) Orc:2        Vaults (0/5) D:14
  Sewer (visited)           IceCv (visited)

Altars:
Ashenzari
Cheibriados
Dithmenos
Elyvilon
Fedhas
Gozag
Hepliaklqana
Kikubaaqudgha
Makhleb
Nemelex Xobeh
Okawaru
Qazlal
Ru
Sif Muna
Trog
Uskayaw
Vehumet
Wu Jian
Xom
Yredelemnul
Zin
The Shining One
Jiyva

Shops:
D:12 (:   Orc:2 ?=

Annotations:
D:12 1 runed translucent door, Bikalo's ghost, journeyman TrTm
D:13 exclusion: downstairs
Lair:4 exclusion: oklob plant


Innate Abilities, Weirdness & Mutations

You are very small and have problems with some larger weapons.
You are too small for most types of armour.
You have supernaturally acute eyesight. (SInv)
You cover ground extremely quickly. (Speed+++)
Your magical capacity is low. (-10% MP)
You are strong-willed. (Will+)
You occasionally shout uncontrollably at your foes.


Message History

Casting: Ensorcelled Hibernation (safe; 1% risk of failure)
Confirm with . or Enter, or press ? or * to list all spells.
Aiming: Ensorcelled Hibernation (safe; 1% risk of failure)
Press: ? - help, Shift-Dir - straight line, f/p - orc high priest
Aim: an orc high priest, wielding a +0 flail and wearing a +0 leather armour (black smoke, moderately wounded, umbra, chance to affect: 32%)
The orc high priest easily resists.
Your shadow mimicks your spell!
The orc high priest resists with almost no effort.
The sun demon completely misses you.
The orc priest calls down the wrath of Beogh upon you.
Beogh smites you!
* * * LOW HITPOINT WARNING * * *
You emit a cloud of dark smoke.
The orc priest completely misses you.
The orc high priest hits you but does no damage.
The orc completely misses you.
The orc warrior hits you with a +0 mace!
* * * LOW HITPOINT WARNING * * *
The orc priest hits you but does no damage.
Casting: Ensorcelled Hibernation (safe; 1% risk of failure)
Confirm with . or Enter, or press ? or * to list all spells.
Aiming: Ensorcelled Hibernation (safe; 1% risk of failure)
Press: ? - help, Shift-Dir - straight line, f/p - orc high priest
Aim: an orc high priest, wielding a +0 flail and wearing a +0 leather armour (black smoke, moderately wounded, umbra, chance to affect: 32%)
The orc high priest easily resists.
The sun demon completely misses you. The orc priest misses you.
The orc priest completely misses you. The orc high priest misses you.
The orc completely misses you. The orc warrior completely misses you.
The orc priest barely misses you. The sun demon completely misses you.
Casting: Ensorcelled Hibernation (safe; 1% risk of failure)
Confirm with . or Enter, or press ? or * to list all spells.
Aiming: Ensorcelled Hibernation (safe; 1% risk of failure)
Press: ? - help, Shift-Dir - straight line, f/p - orc high priest
Aim: an orc high priest, wielding a +0 flail and wearing a +0 leather armour (black smoke, moderately wounded, umbra, chance to affect: 32%)
The orc high priest easily resists.
Your shadow mimicks your spell!
The orc high priest resists with almost no effort.
The orc priest barely misses you.
The orc priest calls down the wrath of Beogh upon you.
Beogh smites you!
You die...

.....# ......# ##. .......#####
##... ........##.## #..oo
#.........######... ...
#.>.§..#.###.#.#.#o#o# ....##
###.§§§##.#...o.oo.o.. .......
####§o3o§§o...§.o.o..o.
.......##...§o@o§.##§#§o.......
............§o#o#.#####.#o#.#.#
...........§.≈§##### ###..o...
#.......[)#≈≈.###.## #.o.o.
#.........'..∩..'..## ##...
##...[)...###.≈≈#.#.## ##.
#........# #.≈......#
#####......###'#.....##
#............#.......#


You could see an orc high priest, a sun demon (summoned), an orc warrior, 3 orc
priests and an orc.

Vanquished Creatures
  Kirke (D:12)
  Azrael (D:13)
  An ettin (Orc:2)
  A rakshasa (D:13)
  8 hydras
  The ghost of confidenceinterval the Frost Mage, a journeyman GnIE of Gozag (D:11)
  3 death knights (D:14)
  3 centaur warriors
  2 catoblepae
  5 boulder beetles
  A deep troll shaman (Lair:5)
  6 death yaks (Lair:5)
  Urug (D:14)
  4 two-headed ogres
  2 tengu warriors (D:14)
  3 lindwurms
  3 orc knights (Orc:2)
  8 ugly things
  4 deep elf pyromancers (D:14)
  4 cyclopes (D:14)
  An oklob plant (Lair:4)
  2 manticores (D:14)
  4 black mambas
  16 elephants
  A cane toad (shapeshifter) (D:14)
  2 gargoyles
  7 cane toads
  4 rime drakes
  An efreet (D:14)
  8 komodo dragons
  A tengu conjurer (D:13)
  3 polar bears
  A troll (shapeshifter) (D:14)
  7 trolls
  Prince Ribbit (Lair:3)
  17 blink frogs
  A hornet (D:11)
  6 slime creatures (D:13)
  A snapping turtle (Lair:3)
  4 dream sheep (Lair:5)
  A shadow (D:11)
  5 wraiths
  4 wyverns
  2 vampires
  2 hogs (D:12)
  2 dancing weapons
  A fire elemental (D:13)
  35 yaks
  A water elemental (D:12)
  15 humans (D:14)
  6 basilisks
  8 redbacks
  5 vampire mosquitoes
  A naga (Lair:3)
  2 wargs
  5 acid dragons
  4 hell hounds
  13 water moccasins
  2 ice beasts (D:7)
  2 sky beasts
  3 black bears (Lair:5)
  25 orc warriors
  15 wolves (Lair:5)
  5 ogres
  3 centaurs
  A kobold brigand (D:9)
  A phantom (D:4)
  8 bullfrogs
  2 necrophages
  3 scorpions
  2 wights (D:9)
  8 killer bees
  A lindwurm simulacrum (IceCv)
  9 electric eels
  8 howler monkeys
  4 crimson imps (D:10)
  9 hounds
  8 jellies
  2 komodo dragon simulacra (IceCv)
  Crazy Yiuf (D:3)
  27 orc priests
  5 iguanas
  Jessica (D:2)
  20 orc wizards
  6 hell rats
  A boggart simulacrum (D:14)
  4 gnolls
  13 adders
  An acid dragon simulacrum (IceCv)
  6 river rats (Sewer)
  15 white imps
  An ufetubus (D:6)
  2 steam dragon simulacra (IceCv)
  2 worms
  3 dart slugs
  68 orcs
  9 ball pythons
  11 bats
  10 endoplasms
  13 giant cockroaches
  8 goblins
  6 hobgoblins
  3 jackals
  13 kobolds
  7 quokkas
  3 training dummies (D:12)
  6 frilled lizards
  3 rats
651 creatures vanquished.

Vanquished Creatures (collateral kills)
  A hydra (Lair:2)
  An orc knight (Orc:1)
  Sigmund (D:2)
  A human (D:14)
  4 orc warriors
  2 wights
  3 orc wizards (Orc:1)
  6 orcs
  A kobold (D:4)
20 creatures vanquished.

Vanquished Creatures (others)
  8 dancing weapons
  46 fungi
  40 plants
94 creatures vanquished.

Grand Total: 765 creatures vanquished

Notes
Turn   | Place    | Note
-------+----------+-------------------------------------------
     0 | D:1      | Pierdu the Spriggan Enchanter began the quest for the Orb.
     0 | D:1      | Reached XP level 1. HP: 9/9 MP: 5/5
   119 | D:1      | Found a faded altar of an unknown god.
   145 | D:2      | Reached XP level 2. HP: 4/13 MP: 7/7
   148 | D:2      | Learned a level 2 spell: Ensorcelled Hibernation
  1204 | D:2      | Reached XP level 3. HP: 16/16 MP: 6/9
  1215 | D:2      | Learned a level 3 spell: Tukima's Dance
  1219 | D:2      | Learned a level 3 spell: Confusing Touch
  1594 | D:2      | Noticed Jessica
  1643 | D:2      | Killed Jessica
  1961 | D:2      | Noticed Sigmund
  1972 | D:2      | Killed Sigmund
  1973 | D:2      | Reached skill level 5 in Spellcasting
  1973 | D:2      | Reached XP level 4. HP: 21/21 MP: 3/12
  1973 | D:2      | Reached XP level 5. HP: 24/24 MP: 3/14
  2052 | D:2      | Learned a level 3 spell: Dazzling Flash
  2520 | D:1      | You fall into a shaft and drop 1 floor!
  3282 | D:3      | Found a glowing drain.
  3294 | D:3      | Reached XP level 6. HP: 28/28 MP: 15/15
  3300 | Sewer    | Entered a sewer
  3481 | Sewer    | Reached skill level 5 in Stealth
  4912 | D:3      | Found a runed translucent door.
  4913 | D:3      | Noticed Crazy Yiuf
  4920 | D:3      | Killed Crazy Yiuf
  4921 | D:3      | Reached skill level 6 in Stealth
  5023 | D:3      | Reached XP level 7. HP: 32/32 MP: 17/17
  5237 | D:4      | Found a staircase to the Ecumenical Temple.
  5251 | Temple   | Entered the Ecumenical Temple
  5479 | D:4      | Found a white marble altar of Elyvilon.
  5914 | D:4      | Found a stormy altar of Qazlal.
  5953 | D:4      | Found a shadowy altar of Dithmenos.
  5964 | D:4      | Became a worshipper of Dithmenos the Shadowed
  6178 | D:4      | Reached skill level 7 in Stealth
  6215 | D:5      | Entered Level 5 of the Dungeon
  6524 | D:5      | Identified the +2 pair of boots of Altruism {Harm +Inv}
  6585 | D:5      | Found a sacrificial altar of Ru.
  6657 | D:5      | Reached skill level 8 in Stealth
  6657 | D:5      | Reached XP level 8. HP: 36/36 MP: 16/20
  7359 | D:6      | Reached * piety under Dithmenos
  7458 | D:6      | Reached skill level 9 in Stealth
  7775 | D:6      | Found a blossoming altar of Fedhas.
  7801 | D:6      | Reached skill level 10 in Stealth
  8032 | D:6      | Reached XP level 9. HP: 39/39 MP: 23/23
  8102 | D:7      | Found a blossoming altar of Fedhas.
  8102 | D:7      | Found a radiant altar of Vehumet.
  8103 | D:7      | Found a bloodstained altar of Trog.
  8103 | D:7      | Found a glowing silver altar of Zin.
  8590 | D:7      | Found an ornate altar of the Wu Jian Council.
  8592 | D:7      | Identified the ring of Ymek {rElec rPois Will++ Dex+6}
  8933 | D:7      | Found a snail-covered altar of Cheibriados.
  9320 | D:8      | Noticed a five-headed hydra
  9325 | D:8      | Killed a five-headed hydra
  9325 | D:8      | Reached ** piety under Dithmenos
  9326 | D:8      | Reached skill level 1 in Fighting
  9382 | D:8      | Reached skill level 11 in Stealth
  9419 | D:8      | Reached skill level 10 in Hexes
  9434 | D:8      | Reached skill level 5 in Dodging
  9444 | D:8      | Reached XP level 10. HP: 26/47 MP: 0/24
  9466 | D:8      | Reached skill level 10 in Spellcasting
  9636 | D:8      | Found a staircase to the Lair.
 10297 | D:9      | Found a hide-covered altar of Uskayaw.
 10430 | D:9      | Learned a level 7 spell: Enfeeble
 10457 | D:9      | Reached skill level 12 in Stealth
 10645 | D:9      | Reached *** piety under Dithmenos
 10911 | D:9      | Reached skill level 5 in Short Blades
 11019 | D:9      | Found a staircase to the Orcish Mines.
 11139 | D:9      | Found a burning altar of Makhleb.
 11535 | D:10     | Entered Level 10 of the Dungeon
 11544 | D:10     | Found a shimmering blue altar of Sif Muna.
 11719 | D:10     | Found a shimmering altar of Xom.
 12127 | D:10     | Found an iron altar of Okawaru.
 12243 | D:10     | Reached XP level 11. HP: 37/53 MP: 17/26
 12573 | D:10     | Found a hazy altar of Hepliaklqana.
 12574 | D:10     | Reached **** piety under Dithmenos
 12791 | D:11     | Found a large runed translucent door.
 12791 | D:11     | Found a large runed translucent door.
 12793 | D:11     | Noticed confidenceinterval's ghost (journeyman GnIE)
 12802 | D:11     | Killed confidenceinterval's ghost
 12803 | D:11     | Reached skill level 13 in Stealth
 12803 | D:11     | Identified the +9 sling "Baock" {venom, Contam rCorr Str+2}
 12839 | D:11     | Noticed a two-headed ogre
 12841 | D:11     | Killed a two-headed ogre
 12849 | D:11     | Noticed a two-headed ogre
 12856 | D:11     | Killed a two-headed ogre
 12942 | D:11     | Noticed a two-headed ogre
 12949 | D:11     | Killed a two-headed ogre
 13326 | D:12     | Noticed a green ugly thing
 13334 | D:12     | Killed a green ugly thing
 13352 | D:12     | Reached skill level 5 in Fighting
 13434 | D:12     | Noticed Kirke
 13449 | D:12     | Killed Kirke
 13450 | D:12     | Reached skill level 14 in Stealth
 13581 | D:12     | Found Milo Gyr's Firing Range.
 14133 | D:11     | Reached XP level 12. HP: 60/60 MP: 26/28
 14302 | D:12     | Found a runed translucent door.
 14307 | D:12     | Noticed Bikalo's ghost (journeyman TrTm)
 14625 | D:12     | Found Esteewutz's Book Boutique.
 14777 | D:12     | Gained mutation: You occasionally shout uncontrollably at
                  | your foes. [potion of mutation]
 14777 | D:12     | Gained mutation: Your magical capacity is low. (-10% MP)
                  | [potion of mutation]
 14777 | D:12     | Gained mutation: You are strong-willed. (Will+) [potion of
                  | mutation]
 15094 | D:13     | Noticed Azrael
 15094 | D:13     | Noticed a rakshasa
 15098 | D:13     | Killed a rakshasa
 15104 | D:13     | Noticed a boulder beetle
 15108 | D:13     | Killed Azrael
 15111 | D:13     | Killed a boulder beetle
 15162 | D:13     | Identified the +1 leather armour of Restlessness {Fly
                  | rPois}
 15209 | D:13     | Noticed a five-headed hydra
 15214 | D:13     | Killed a five-headed hydra
 15497 | D:13     | Reached skill level 10 in Dodging
 16131 | D:13     | Reached skill level 15 in Stealth
 16266 | D:14     | Noticed a boulder beetle
 16266 | D:14     | Noticed a centaur warrior
 16266 | D:14     | Noticed Urug
 16266 | D:14     | Noticed a two-headed ogre
 16266 | D:14     | Noticed a boulder beetle
 16266 | D:14     | Noticed a catoblepas
 16266 | D:14     | Found a gate to the Vaults.
 16311 | D:14     | Noticed a centaur warrior
 16575 | D:13     | Killed a two-headed ogre
 16779 | D:13     | Killed a centaur warrior
 16837 | D:14     | Reached ***** piety under Dithmenos
 17138 | D:14     | Noticed a tengu warrior
 17139 | D:14     | Noticed a tengu warrior
 17142 | D:14     | Reached XP level 13. HP: 64/65 MP: 24/27
 18052 | D:14     | Killed Urug
 18098 | D:14     | Reached skill level 16 in Stealth
 18418 | D:14     | Identified the +5 morningstar of Law {elec, rPois rN+
                  | Dex-3}
 19342 | Lair:1   | Entered Level 1 of the Lair of Beasts
 19520 | Lair:1   | Reached skill level 10 in Short Blades
 19738 | Lair:1   | Identified the +5 long sword "Kont" {vamp, rF+}
 19766 | Lair:1   | Identified the +7 falchion of Ecvevouh {flame, rN+ Dex+7}
 20043 | Lair:1   | Learned a level 2 spell: Blink
 20049 | Lair:1   | Learned a level 5 spell: Summon Mana Viper
 20290 | Lair:2   | Reached XP level 14. HP: 71/72 MP: 23/29
 21452 | Lair:3   | Found an ancient bone altar of Kikubaaqudgha.
 21459 | Lair:3   | Noticed Prince Ribbit
 21468 | Lair:3   | Killed Prince Ribbit
 21508 | Lair:3   | Reached skill level 17 in Stealth
 21862 | Lair:3   | Found a staircase to the Snake Pit.
 21867 | Lair:3   | Reached ****** piety under Dithmenos
 22284 | Lair:3   | Found a staircase to the Shoals.
 22664 | Lair:4   | Found a viscous altar of Jiyva.
 22665 | Lair:4   | Found a staircase to the Slime Pits.
 23766 | Lair:5   | Entered Level 5 of the Lair of Beasts
 24532 | Lair:5   | Got the Octavo of the Map and Shaping
 25141 | Lair:5   | Reached skill level 18 in Stealth
 25148 | Lair:5   | Reached XP level 15. HP: 75/78 MP: 3/31
 25148 | Lair:5   | Reached XP level 16. HP: 79/82 MP: 3/32
 25930 | Orc:1    | Entered Level 1 of the Orcish Mines
 26140 | Orc:1    | Reached skill level 15 in Spellcasting
 26981 | Orc:2    | Entered Level 2 of the Orcish Mines
 27063 | Orc:2    | Found Nekommaull's Magic Scroll Boutique.
 27067 | Orc:2    | Found a staircase to the Elven Halls.
 27068 | Orc:2    | Bought a scroll of blinking for 112 gold pieces
 27068 | Orc:2    | Bought a scroll of teleportation for 45 gold pieces
 27283 | Orc:2    | Found Baizxan's Jewellery Emporium.
 27626 | Orc:2    | Found a frozen archway.
 27656 | IceCv    | Entered an ice cave
 28271 | Orc:2    | Killed from afar by an orc priest

Illustrated notes

Levels and vault maps discovered:
D:1:      scummos_arrival_star, layout_loops_cross,
          dreamdust_ecumenical_altar_statues, minmay_misc_feat_x,
          serial_bayou_ford_a
D:2:      layout_basic, uniq_jessica, uniq_sigmund
D:3:      layout_loops_ring, cheibrodos_sewer_entry_drain,
          uniq_crazy_yiuf_cottage
D:4:      layout_gridville, mainiacjoe_overflow_alcove_4,
          overflow_temple_1_default, mainiacjoe_overflow_surrounded_room,
          temple_pool_b, grunt_decor_fettered
D:5:      layout_gridville, hangedman_ru_absence
D:6:      layout_cave_pools, minmay_misc_feat_five, minmay_ruined_shrine
D:7:      layout_loops_ring, nicolae_wu_jian_wuxing_cycle,
          chequers_temple_overflow_statue_of_worship,
          mainiacjoe_overflow_alcove_1
D:8:      layout_basic, grunt_lair_entry_orc_guard_hut, minmay_misc_feat_roman,
          minivault_26, chequers_serial_rivers_micro_c
D:9:      layout_cave_pools, eat_drink_and_be_merry_uskayaw, kennysheep_mini,
          david_orc_1_choice, grunt_ministairs_15
D:10:     layout_stronghold, nicolae_hepliaklqana_hippocampus, led_xom_imps,
          okawaru_trees_1, mainiacjoe_overflow_chevrons, nzn_life_drinkers
D:11:     layout_basic, ebering_ghost_disaster_area
D:12:     layout_basic, serial_shops, nicolae_take_the_stairs,
          ebering_ghost_reflecting_pool, nicolae_shop_firing_range, uniq_kirke
D:13:     layout_rooms, nrook_pool_corridor, drop_trap, uniq_azrael
D:14:     layout_basic, david_vaults_3, nicolae_wwwww, special_room
          [special_room_mythical_zoo], minmay_pinched_square
Temple:   hellmonk_temple_micro_hex
Lair:1:   layout_long_grid, pond
Lair:2:   layout_cave_pods
Lair:3:   layout_roguey, minmay_shoals_entry_hut, guppyfry_snake_entry_garden,
          basic_altar, uniq_prince_ribbit2, uniq_urug
Lair:4:   dpeg_oklob_gauntlet, layout_cellular_growth, slime_entry_1,
          st_stairs_11
Lair:5:   grunt_lair_end_beastmaster, layout_loops_ring
Orc:1:    layout_caves
Orc:2:    st_orc_pillars, layout_diamond_mine, serial_shops,
          nicolae_shop_advertising_works [nicolae_subvault_shop_adworks],
          nicolae_shop_hallway_plus, portal_ice_cave_entry_imps

Skill      XL: |  1  2  3  4  5  6  7  8  9 10 11 12 13 14 15 16 |
---------------+-------------------------------------------------+-----
Spellcasting   | 3 5 6 7 9 10 11 12 13 14 15 | 15.1
Hexes          | 4 6 7 9 10 11 12 13 14 16 | 16.4
Stealth        | 6 8 10 11 12 14 15 16 18 | 18.3
Dodging        | 5 7 9 10 12 13 | 13.9
Fighting       | 2 4 5 6 7 8 |  8.7
Short Blades   | 3 5 7 8 10 11 | 11.6

Action                   |  1- 3 |  4- 6 |  7- 9 | 10-12 | 13-15 | 16-18 || total
-------------------------+-------+-------+-------+-------+-------+-------++-------
Melee: Dagger            |   105 |   202 |   271 |   345 |   677 |   416 ||  2016
       Punch             |     1 |     3 |     4 |     2 |    16 |     7 ||    33
 Cast: Ensorcelled Hiber |     7 |    20 |    38 |   158 |   190 |    21 ||   434
       Tukima's Dance    |     1 |       |     5 |    12 |    16 |    26 ||    60
       Confusing Touch   |     1 |       |     5 |     7 |    12 |       ||    25
       Dazzling Flash    |       |       |       |       |    21 |     5 ||    26
       Summon Mana Viper |       |       |       |       |     1 |       ||     1
Evoke: Wand              |       |       |       |     6 |     3 |     2 ||    11
       Condenser vane    |       |       |       |       |       |     1 ||     1
  Use: Scroll            |     3 |     7 |    15 |     7 |     3 |     3 ||    38
       Potion            |     1 |     1 |       |     7 |     7 |     2 ||    18
 Stab: Sleeping          |     9 |    22 |    55 |   123 |   127 |    22 ||   358
       Invisible         |     1 |       |       |     2 |    13 |     3 ||    19
       Distracted        |       |     1 |       |     2 |     5 |     2 ||    10
       Confused          |       |       |     2 |     8 |    15 |       ||    25
       Petrified         |       |       |       |       |     1 |       ||     1
Armor: Robe              |    15 |    34 |    52 |    25 |    97 |    40 ||   263
       Skin              |       |    18 |       |       |       |       ||    18
Dodge: Dodged            |    90 |   181 |   184 |   311 |   611 |   444 ||  1821
